 Dungeon Crawl Stone Soup version 0.23.2-1-ga50397a (webtiles) character file.

Game seed: 7137693475414816292

1409 Fang the Skirmisher (level 8, -6/52 HPs)
             Began as a Gargoyle Berserker on Apr 24, 2019.
             Was a Priest of Trog.
             Mangled by a chaos spawn (10 damage)
             ... while paralysed by a chaos spawn
             ... on level 1 of the Abyss on Apr 25, 2019.
             The game lasted 00:06:38 (4261 turns).

Fang the Skirmisher (Gargoyle Berserker)            Turns: 4261, Time: 00:06:38

Health: -6/52      AC: 15    Str: 23    XL:     8   Next: 70%
Magic:  8/8        EV:  2    Int:  8    God:    Trog [***...]
Gold:   295        SH:  0    Dex:  9    Spells: 7/7 levels left

rFire    . . .     SeeInvis .   a - +0 battleaxe
rCold    + . .     Gourm    .   (shield currently unavailable)
rNeg     + . .     Faith    .   b - +0 chain mail
rPois    ∞         Spirit   .   (no helmet)
rElec    +         Reflect  .   (no cloak)
rCorr    .         Harm     .   (no gloves)
MR       ++...                  (no boots)
Stlth    ..........             d - amulet of the acrobat
HPRegen  1.17/turn              p - ring of protection from cold
MPRegen  0.11/turn              w - +5 ring of evasion

@: paralysed, weakened, regenerating
A: negative energy resistance 1, electricity resistance, unbreathing,
petrification resistance, rot immunity, AC +5
a: Berserk, Trog's Hand, Renounce Religion


You were on level 1 of the Abyss.
You worshipped Trog.
Trog was most pleased with you.
You were hungry.

You visited 1 branch of the dungeon, and saw 5 of its levels.
You visited the Abyss 1 time.

You collected 295 gold pieces.

Inventory:

Hand Weapons
 a - a +0 battleaxe (weapon)
Armour
 b - a +0 chain mail (worn)
Jewellery
 d - an amulet of the acrobat (around neck)
 p - a ring of protection from cold (left hand)
 t - an uncursed ring of flight
 v - an uncursed amulet of regeneration {unknown}
 w - a +5 ring of evasion (right hand)
Wands
 r - a wand of enslavement (10)
Scrolls
 e - 6 scrolls of remove curse {unknown}
 g - 2 scrolls of fog {unknown}
 h - 2 scrolls of teleportation {unknown}
 j - a scroll of enchant armour {unknown}
 k - 11 scrolls of identify {unknown}
 n - a scroll of noise {unknown}
 q - a scroll of random uselessness {unknown}
 s - a scroll of amnesia {unknown}
 u - a scroll of enchant weapon {unknown}
Potions
 f - a potion of curing {unknown}
 i - a potion of flight {unknown}
 l - 2 potions of brilliance {unknown}
 m - a potion of experience {unknown}
 o - 2 potions of degeneration {unknown}
 x - 2 potions of haste {unknown}
 z - a potion of lignification {unknown}
Comestibles
 c - 6 rations
 A - 5 chunks of flesh


   Skills:
 + Level 6.5 Fighting
 + Level 5.4 Axes
 + Level 6.1 Armour
 + Level 4.5 Dodging


You had 7 spell levels left.
You didn't know any spells.
Your spell library was empty.

Dungeon Overview and Level Annotations

Branches:
Dungeon (5/15)             Temple (0/1) D:5

Altars:
Hepliaklqana
Ru
Wu Jian
The Shining One


Innate Abilities, Weirdness & Mutations

You are resistant to torment.
Your stone body is resilient. (AC +5)
You are immune to poison.
You resist negative energy. (rN+)
You are resistant to electric shocks. (rElec)
You can survive without breathing.
You are immune to petrification.
You are immune to rotting.


Message History

You are too injured to fight recklessly!
You are too injured to fight recklessly!
You are too injured to fight recklessly!
You are too injured to fight recklessly!
You are too injured to fight recklessly!
You are too injured to fight recklessly!
You are too injured to fight recklessly!
You are too injured to fight recklessly!
You are too injured to fight recklessly!
Your skin crawls.
You feel resistant to hostile enchantments.
You are feeling hungry.
You can no longer call in reinforcements.
The chaos spawn gores you.
* * * LOW HITPOINT WARNING * * *
You suddenly lose the ability to move!
The chaos spawn hits you!
* * * LOW HITPOINT WARNING * * *
You are engulfed in flames!
You die...

. # .. . . ## .
...### # . ..∩
..#..# # ...#...##
.#.. # # . ... #.
#. ...#. #. #
##..#.#. ##...## #.
# . ..#..§§.##..##
# .## .. .
##..§##§...#### #.
# #..#.§§@§§.####
.#. # .
#....§4§§..####.. #
#
##......§§.....#.##
# .
......#.#...######
...##...#.......##
# . .....).
#..###.# # .#.
....##..#.###.## #
.......... .. . .#
.. . . ## [#####..#


You could see a chaos spawn.

Vanquished Creatures
  An orange demon (Abyss:1)
  A phantom (D:4)
  3 ogres (D:4)
  A scorpion (D:5)
  4 killer bees (D:3)
  A howler monkey (D:4)
  A hound (D:4)
  A jelly (D:4)
  2 orc wizards (D:4)
  An orc priest (D:4)
  A bullfrog skeleton (D:4)
  Natasha (thrice) (D:2)
  2 adders
  10 gnolls
  2 oozes (D:4)
  4 worms
  5 dart slugs
  3 leopard geckos
  8 orcs
  8 giant cockroaches
  8 goblins
  11 hobgoblins
  6 jackals
  2 quokkas
  4 bats (D:1)
  6 frilled lizards
  9 kobolds
  A leopard gecko skeleton (D:5)
  2 quokka skeletons (D:4)
  12 rats
123 creatures vanquished.

Notes
Turn   | Place    | Note
-------+----------+-------------------------------------------
     0 | D:1      | Fang the Gargoyle Berserker began the quest for the Orb.
     0 | D:1      | Reached XP level 1. HP: 14/14 MP: 1/1
    37 | D:1      | Reached XP level 2. HP: 5/19 MP: 2/2
   483 | D:1      | Reached XP level 3. HP: 14/23 MP: 3/3
   714 | D:1      | Reached ** piety under Trog
  1151 | D:2      | Reached XP level 4. HP: 29/29 MP: 4/4
  1220 | D:2      | Noticed Natasha
  1233 | D:2      | Killed Natasha
  1326 | D:2      | Noticed Natasha
  1334 | D:2      | Killed Natasha
  1334 | D:2      | Reached XP level 5. HP: 22/33 MP: 5/5
  1417 | D:2      | Noticed Natasha
  1429 | D:2      | Killed Natasha
  1566 | D:2      | Found a sacrificial altar of Ru.
  1844 | D:3      | Reached XP level 6. HP: 19/39 MP: 6/6
  1855 | D:3      | Reached *** piety under Trog
  2126 | D:3      | Found a glowing golden altar of the Shining One.
  2158 | D:3      | Found a hazy altar of Hepliaklqana.
  2698 | D:4      | Noticed a phantom
  2721 | D:4      | Reached skill level 5 in Fighting
  2721 | D:4      | Reached XP level 7. HP: 27/44 MP: 7/7
  2983 | D:4      | Reached skill level 5 in Armour
  3564 | D:4      | Reached XP level 8. HP: 50/51 MP: 8/8
  3589 | D:4      | Reached **** piety under Trog
  3945 | D:4      | Found an ornate altar of the Wu Jian Council.
  3990 | D:4      | Reached skill level 5 in Axes
  4100 | D:5      | Entered Level 5 of the Dungeon
  4155 | D:5      | Found a staircase to the Ecumenical Temple.
  4163 | D:5      | Cast into level 1 of the Abyss (gnoll)
  4236 | Abyss:1  | Noticed an orange demon
  4246 | Abyss:1  | Killed an orange demon
  4260 | Abyss:1  | Paralysed by a chaos spawn for 5 turns
  4261 | Abyss:1  | Mangled by a chaos spawn

Skill      XL: |  1  2  3  4  5  6  7  8 |
---------------+-------------------------+-----
Axes           | 3 4 5 |  5.4
Dodging        | 2 3 4 |  4.5
Armour         | 3 4 5 6 |  6.1
Fighting       | 4 5 6 |  6.5

Action                   |  1- 3 |  4- 6 |  7- 9 || total
-------------------------+-------+-------+-------++-------
Melee: Hand axe          |   108 |   180 |   151 ||   439
       Battleaxe         |       |       |    13 ||    13
Invok: Berserk           |     2 |     2 |     3 ||     7
       Trog's Hand       |       |     1 |     1 ||     2
  Eat: Chunk             |     2 |     8 |     8 ||    18
Armor: Animal skin       |    20 |       |       ||    20
       Chain mail        |    51 |   119 |    71 ||   241
Dodge: Dodged            |    63 |   112 |   133 ||   308
